 Dungeon Crawl Stone Soup version 0.30.0-30-g96aa6591b8 (webtiles) character file.

Game seed: 1139914585578977257

41 LustLizard the Digger (level 3, -1/20 HPs)
             Began as a Gargoyle Earth Elementalist on June 28, 2023.
             Frozen to death by an endoplasm (3 damage)
             ... on level 3 of the Dungeon.
             The game lasted 00:01:41 (1862 turns).

LustLizard the Digger (Gargoyle Earth Elementalist) Turns: 1862, Time: 00:01:42

Health: -1/20      AC:  6    Str: 11    XL:     3   Next: 52%
Magic:  0/6        EV: 11    Int: 17    God:
Gold:   138        SH:  0    Dex: 10    Spells: 2/6 levels left

rFire   . . .        d - +0 dagger
rCold   . . .        (no shield)
rNeg    + . .        a - +0 robe
rPois   ∞            (no helmet)
rElec   +            k - +0 cloak
rCorr   .            (no gloves)
SInv    .            (no boots)
Will    .....        (no amulet)
Stlth   ++           (no ring)
HPRegen 0.23/turn    (no ring)
MPRegen 0.10/turn

%: no passive effects
@: no status effects
A: sickness immunity, AC +3, negative energy resistance 1, electricity
resistance, torment resistance 1, petrification resistance
a: no special abilities


You were on level 3 of the Dungeon.
You visited 1 branch of the dungeon, and saw 3 of its levels.

You collected 138 gold pieces.

Inventory:

Hand Weapons
 d - a +0 dagger (weapon)
Armour
 a - a +0 robe (worn)
 k - a +0 cloak (worn)
Scrolls
 c - a scroll of enchant weapon {unknown}
 e - a scroll of teleportation {unknown}
 f - a scroll of butterflies {unknown}
 g - a scroll of poison {unknown}
 h - a scroll of magic mapping {unknown}
 i - a scroll of blinking {unknown}
 j - a scroll of identify {unknown}
Potions
 b - a potion of magic
 l - a potion of might {unknown}
 m - a potion of curing {unknown}
 n - a potion of degeneration {unknown}


   Skills:
 + Level 1.3 Fighting
 - Level 1.5 Dodging
 + Level 2.6 Stealth
 + Level 2.3 Spellcasting
 * Level 0.5 Conjurations
 - Level 0.7 Transmutations
 * Level 4.3 Earth Magic


You had 2 spell levels left.
You knew the following spells:

 Your Spells              Type           Power      Damage    Failure   Level
a - Sandblast             Erth           32%        2d9       3%          1
b - Stone Arrow           Conj/Erth      20%        3d8       21%         3

Your spell library contained the following spells:

 Spells                   Type           Power      Damage    Failure   Level
 Passwall                 Tmut/Erth      8%         N/A       10%         2
 Petrify                  Tmut/Erth      10%        N/A       54%         4


Dungeon Overview and Level Annotations

Branches:
Dungeon (3/15)

Altars:
Okawaru


Innate Abilities, Weirdness & Mutations

You are immune to sickness and miasma.
Your stone body is resilient. (AC +3)
You are immune to poison.
You resist negative energy. (rN+)
You are resistant to electric shocks. (rElec)
You are resistant to unholy torment.
You are immune to petrification.


Message History

Aim: a black bear (moderately wounded, 87% to hit)
The blast of sand hits the black bear!
The black bear is severely wounded.
The quokka bites you but does no damage.
The black bear misses you. x2
The black bear claws you but does no damage.
The endoplasm hits you but does no damage.
The quokka bites you but does no damage.
The black bear bites you but does no damage.
The black bear closely misses you. The black bear claws you.
The endoplasm freezes you.
You are frozen.
Aiming: Sandblast (safe; 3% risk of failure)
Press: ? - help, Q - select action Shift-Dir - straight line, f/p - black bear
Aim: a black bear (severely wounded, 87% to hit)
The blast of sand hits the black bear but does no damage.
The black bear is severely wounded.
The quokka bites you but does no damage.
The black bear bites you.
The black bear claws you but does no damage.
The black bear closely misses you. The endoplasm closely misses you.
The quokka closely misses you.
Unknown command.
Aiming: Sandblast (safe; 3% risk of failure)
Press: ? - help, Q - select action Shift-Dir - straight line, f/p - black bear
Aim: a black bear (severely wounded, 87% to hit)
The blast of sand hits the black bear!
The black bear is almost dead.
The black bear bites you but does no damage.
The black bear claws you.
The black bear claws you but does no damage.
The endoplasm freezes you.
You are frozen.
* * * LOW HITPOINT WARNING * * *
The quokka misses you. The black bear bites you.
* * * LOW HITPOINT WARNING * * *
The black bear claws you but does no damage. x2
The endoplasm freezes you.
You are frozen.
You die...

#.......#
#.......#
#.......#
#.......#
#......#
#+####......#
......rh....#
......J@.#
......#..#
..$#. #$.# .
.. #### .. ..
.


You could see a black bear, an endoplasm and a quokka.

Vanquished Creatures
  An adder (D:2)
  7 ball pythons
  4 endoplasms
  2 giant cockroaches
  4 goblins
  3 hobgoblins
  A kobold (D:1)
  2 quokkas
  A bat (D:2)
  2 frilled lizards
  A rat (D:1)
28 creatures vanquished.

Notes
Turn   | Place    | Note
-------+----------+-------------------------------------------
     0 | D:1      | LustLizard the Gargoyle Earth Elementalist began the quest
                  | for the Orb.
     0 | D:1      | Reached XP level 1. HP: 10/10 MP: 3/3
   146 | D:1      | Reached XP level 2. HP: 16/16 MP: 0/5
   467 | D:1      | Reached skill level 4 in Earth Magic
  1063 | D:2      | Reached skill level 1 in Fighting
  1098 | D:2      | Reached XP level 3. HP: 20/20 MP: 2/6
  1102 | D:2      | Learned a level 3 spell: Stone Arrow
  1196 | D:2      | Found an iron altar of Okawaru.
  1856 | D:3      | Noticed a black bear
  1862 | D:3      | Frozen to death by an endoplasm

Illustrated notes

Levels and vault maps discovered:
D:1:      evilmike_arrival_plus, layout_basic
D:2:      layout_loops_ring, basic_altar, glass_columns_c
D:3:      layout_rooms, portal_sewer_entry_c, uniq_pargi

Skill      XL: |  1  2 |
---------------+-------+-----
Earth Magic    | 4 |  4.3
Fighting       | 1 |  1.3
Dodging        | |  1.5
Stealth        | |  2.6
Spellcasting   | |  2.3
Conjurations   | |  0.5
Transmutations | |  0.7

Action                     || total
---------------------------++-------
   Cast: Sandblast         ||    43
 Armour: Robe              ||    21
  Dodge: Dodged            ||    24
